 Dungeon Crawl Stone Soup version 0.18-a0-902-g8738618 (webtiles) character file.

147 Jmtri7 the Sneak (level 5, 0/25 HPs)
             Began as a Spriggan Transmuter on Dec 24, 2015.
             Was an Initiate of Okawaru.
             Slain by an adder (2 damage)
             ... on level 3 of the Dungeon.
             The game lasted 00:19:35 (2845 turns).

Jmtri7 the Sneak (Spriggan Transmuter)              Turns: 2845, Time: 00:19:35

Health: 0/25       AC:  2    Str:  6    XL:     5   Next: 8%
Magic:  2/10       EV: 24    Int: 14    God:    Okawaru [......]
Gold:   116        SH:  0    Dex: 23    Spells: 2 memorised, 5 levels left

rFire  . . .     SeeInvis +       - Unarmed
rCold  . . .     Gourm    .     (armour currently unavailable)
rNeg   . . .     Faith    .     (shield currently unavailable)
rPois  x         Spirit   .     (helmet currently unavailable)
rElec  .         Dismiss  .     (cloak currently unavailable)
rCorr  .         Reflect  .     (gloves unavailable)
SustAt .         Harm     .     (boots unavailable)
MR     +....                    (no amulet)
Stlth  ++++......               (no ring)
                                r - ring of protection from magic

@: spider-form (expiring), very slightly contaminated, somewhat resistant to
hostile enchantments, stealthy
A: unfitting armour, see invisible, herbivore 3, (speed 0), slow metabolism 2
a: End Transformation, Renounce Religion


You were on level 3 of the Dungeon.
You worshipped Okawaru.
Okawaru was noncommittal.
You were not hungry.
You were a venomous arachnid creature.
You visited 1 branch of the dungeon, and saw 3 of its levels.

You collected 116 gold pieces.

Inventory:

Hand Weapons
 g - a +2 dagger of speed (melded)
 j - a +2 dagger of holy wrath
Missiles
 a - 12 arrows
 f - 27 poisoned needles
Armour
 h - a cursed +0 plate armour
 p - a +0 animal skin
 q - the +0 helmet of the Soldier {MR+ Str+5 Dex+3, unknown}
   (You took it off Robin on level 3 of the Dungeon)

   It affects your strength (+5).
   It affects your dexterity (+3).
   It affects your resistance to hostile enchantments.
 s - a +0 robe (melded)
Jewellery
 r - a ring of protection from magic (left front leg)
Scrolls
 b - a scroll of immolation {unknown}
 i - a scroll of recharging
 l - a scroll of fear {unknown}
 m - 2 scrolls of remove curse {unknown}
 o - 2 scrolls of identify {unknown}
Potions
 e - a potion of heal wounds {unknown}
 k - a potion of haste {unknown}
Books
 c - a book of Changes

   Spells                             Type                      Level
   a - Beastly Appendage              Transmutation                1
   b - Sticks to Snakes               Transmutation                2
   c - Spider Form                    Transmutation/Poison         3
   d - Ice Form                       Ice/Transmutation            4
   e - Blade Hands                    Transmutation                5
Comestibles
 d - 2 bread rations
 n - 2 fruits


   Skills:
 - Level 0.7 Fighting
 + Level 4.4 Dodging
 + Level 5.1 Stealth
 - Level 2.4 Unarmed Combat
 - Level 2.6 Spellcasting
 + Level 4.4 Transmutations


You had 5 spell levels left.
You knew the following spells:

 Your Spells              Type           Power        Failure   Level  Hunger
a - Beastly Appendage     Trmt           ##....       12%         1    #......
b - Spider Form           Trmt/Pois      #.........   52%         3    ###....


Dungeon Overview and Level Annotations

Branches:
Dungeon (3/15)

Altars:
Okawaru
Zin


Innate Abilities, Weirdness & Mutations

You are tiny and cannot use many weapons and most armour.
You have supernaturally acute eyesight.
You are a herbivore.
((You cover ground extremely quickly.))
You need consume almost no food.


Message History

You hit the giant frog skeleton.
The giant frog skeleton barely misses you.
You hit the giant frog skeleton but do no damage.
The giant frog skeleton closely misses you.
You hit the giant frog skeleton.
The giant frog skeleton completely misses you.
The giant frog skeleton barely misses you.
You hit the giant frog skeleton.
The giant frog skeleton completely misses you.
You hit the giant frog skeleton. The giant frog skeleton hits you.
* * * LOW HITPOINT WARNING * * *
You hit the giant frog skeleton.
You destroy the giant frog skeleton!
Okawaru accepts your kill.
Your Stealth skill increases to level 5!
You have reached level 5!
You feel agile.
Your transformation is almost over.
You miss the adder. The adder bites you.
You die...

...#<# #..### #..#.## ?..#
#....# #..#... ...### #....#
#..#### ..... #....# #..#
....### ##....###.. # #..####
...... .......' ..####.)#...
....###.#
####.)###....##...[....
##.......
#.....sS.....'......... ....#
#.###..#.....##........
##.#..... #.#
#........##........ #.# ##.
#.###........#......... #.#
#...........[#....(..). #.#
#..##....#.#.#......... #.#
#..##....#.#.#.........
#.########..#####...#.#.........
#...................#.#[........


You could see an adder.

Vanquished Creatures
  A giant frog skeleton (D:3)
  An orc wizard (D:3)
  Robin (D:3)
  An adder (D:3)
  2 worms (D:2)
  5 orcs (D:3)
  8 bats
  A giant cockroach (D:1)
  11 goblins
  7 hobgoblins
  9 kobolds
  2 ball pythons
  A giant gecko (D:1)
  7 giant newts
  7 rats
64 creatures vanquished.

Notes
Turn   | Place    | Note
--------------------------------------------------------------
     0 | D:1      | Jmtri7 the Spriggan Transmuter began the quest for the Orb.
     0 | D:1      | Reached XP level 1. HP: 9/9 MP: 5/5
    55 | D:1      | Reached skill level 1 in Stealth
   599 | D:1      | Reached XP level 2. HP: 14/14 MP: 6/6
   954 | D:1      | Reached skill level 4 in Dodging
  1102 | D:2      | Reached XP level 3. HP: 15/17 MP: 8/8
  1130 | D:2      | Learned a level 3 spell: Spider Form
  1429 | D:2      | Noticed an angel
  1430 | D:2      | Found a glowing silver altar of Zin.
  1699 | D:3      | Found an iron altar of Okawaru.
  1796 | D:3      | Became a worshipper of Warmaster Okawaru
  1829 | D:3      | Reached XP level 4. HP: 9/21 MP: 7/9
  2013 | D:3      | Noticed Robin
  2303 | D:3      | Killed Robin
  2309 | D:3      | Got a polished helmet
  2844 | D:3      | Reached skill level 5 in Stealth
  2844 | D:3      | Reached XP level 5. HP: 2/25 MP: 2/10
  2845 | D:3      | Slain by an adder

Vault maps used:
D:1:      tarquinn_simple_flora_water_a
D:2:      zin_angel, first_bread
D:3:      okawaru_metal_pillars_1_2, uniq_robin, uniq_crazy_yiuf_cottage

Action                   |  1- 3 |  4- 6 || total
-------------------------+-------+-------++-------
Melee: Dagger            |   111 |     4 ||   115
       Unarmed           |    30 |    53 ||    83
 Cast: Beastly Appendage |     2 |       ||     2
       Spider Form       |     4 |    12 ||    16
  Use: Scroll            |     3 |       ||     3
       Potion            |     4 |       ||     4
 Stab: Sleeping          |     3 |     1 ||     4
  Eat: Bread ration      |       |     1 ||     1
